 Dungeon Crawl Stone Soup version 0.21.1-1-g345015fe64 (webtiles) character file.

39552 Gargoyl the Corrupter of Planes (level 13, -2/107 HPs)
             Began as a Centaur Abyssal Knight on July 27, 2018.
             Was the Champion of Lugonu.
             Killed from afar by a fire dragon (38 damage)
             ... with a blast of flame
             ... on level 13 of the Dungeon.
             The game lasted 00:50:54 (28441 turns).

Gargoyl the Corrupter of Planes (CeAK)             Turns: 28441, Time: 00:50:54

Health: -2/107     AC: 22    Str: 18    XL:     13   Next: 69%
Magic:  19/21      EV:  6    Int: 11    God:    Lugonu [******]
Gold:   1243       SH: 19    Dex: 11    Spells: 12/12 levels left

rFire    . . .     SeeInvis .   l - +3 demon blade (freeze)
rCold    . . .     Gourm    .   v - +3 large shield
rNeg     . . .     Faith    .   e - +0 plate armour
rPois    +         Spirit   .   (no helmet)
rElec    .         Reflect  +   x - +2 cloak {rPois}
rCorr    +         Harm     .   B - +2 pair of gloves
MR       .....                  (no barding)
Stlth    ..........             H - +2 amulet of reflection
HPRegen  0.27/turn              d - +5 ring of evasion
MPRegen  0.17/turn              k - ring of resist corrosion

@: heavily drained, very quick
A: large, hooves 3, iridescent scales 2, deformed body, speed 2, tough skin 3,
wild magic 1
a: Depart the Abyss, Bend Space, Banish, Corrupt, Enter the Abyss, Brand Weapon
With Distortion, Renounce Religion


You were on level 13 of the Dungeon.
You worshipped Lugonu.
Lugonu was exalted by your worship.
You were not hungry.

You visited 2 branches of the dungeon, and saw 18 of its levels.
You visited the Abyss 1 time.
You also visited: Labyrinth.

You collected 1243 gold pieces.

Inventory:

Hand Weapons
 a - a +2 hand axe
 l - a +3 demon blade of freezing (weapon)
 p - a +3 antimagic hand axe
Missiles
 T - 6 javelins of returning (quivered)
Armour
 e - a +0 plate armour (worn)
 v - a +3 large shield (worn)
 x - a +2 cloak of poison resistance (worn)
 B - a +2 pair of gloves (worn)
Jewellery
 d - a +5 ring of evasion (left hand)
 k - a ring of resist corrosion (right hand)
 H - a +2 amulet of reflection (around neck)
 O - an uncursed ring of flight
Wands
 i - a wand of iceblast (41)
 y - a wand of acid (13)
 D - a wand of random effects (23)
 E - a wand of enslavement (13)
 F - a wand of digging (6)
 I - a wand of disintegration (16)
 J - a wand of scattershot (2)
Scrolls
 b - 6 scrolls of amnesia
 f - 4 scrolls of magic mapping
 h - 4 scrolls of identify
 q - 4 scrolls of teleportation
 u - 3 scrolls of blinking
 C - a scroll of holy word
 K - 4 scrolls of remove curse
 N - 2 scrolls of fear
Potions
 g - 2 potions of flight
 m - 5 potions of curing
 n - a potion of mutation
 o - a potion of cancellation
 r - a potion of magic
 s - 4 potions of might
 t - 3 potions of haste
 w - 5 potions of heal wounds
 M - a potion of ambrosia
Books
 j - a book of Maledictions

   Spells                             Type                      Level
   a - Corona                         Hexes                        1
   b - Ensorcelled Hibernation        Hexes/Ice                    2
   c - Confuse                        Hexes                        3
   d - Tukima's Dance                 Hexes                        3
   e - Dazzling Spray                 Conjuration/Hexes            3
 A - Noris Muylu's Papyrus of Earthen Transformation
   (You found it on level 7 of the Dungeon)

   Spells                             Type                      Level
   a - Sandblast                      Earth                        1
   b - Stone Arrow                    Conjuration/Earth            3
   c - Ignite Poison                  Fire/Transmutation/Poison    3
   d - Spider Form                    Transmutation/Poison         3
   e - Bolt of Magma                  Conjuration/Fire/Earth       5
   f - Blade Hands                    Transmutation                5
 L - a book of Beasts

   Spells                             Type                      Level
   a - Summon Butterflies             Summoning                    1
   b - Call Canine Familiar           Summoning                    3
   c - Summon Ice Beast               Ice/Summoning                4
   d - Summon Mana Viper              Hexes/Summoning              5
   e - Summon Hydra                   Summoning                    7
 P - a book of Cantrips

   Spells                             Type                      Level
   a - Confusing Touch                Hexes                        1
   b - Animate Skeleton               Necromancy                   1
   c - Summon Small Mammal            Summoning                    1
   d - Apportation                    Translocation                1
 Q - the Almanac of Confrontation
   (You found it in a labyrinth)

   Spells                             Type                      Level
   a - Sting                          Conjuration/Poison           1
   b - Dazzling Spray                 Conjuration/Hexes            3
   c - Mephitic Cloud                 Conjuration/Poison/Air       3
   d - Force Lance                    Conjuration/Translocation    4
   e - Lightning Bolt                 Conjuration/Air              5
Miscellaneous
 R - a phantom mirror
Comestibles
 c - 25 rations


   Skills:
 + Level 8.2(6.5) Fighting
 + Level 8.1(6.3) Long Blades
 + Level 8.4(6.6) Axes
 + Level 1.1(0.0) Throwing
 * Level 10.1(8.3) Armour
 + Level 1.5(0.1) Dodging
 + Level 7.2(5.5) Shields
 * Level 11.4(9.5) Invocations
 + Level 0.4(0.0) Evocations


You had 12 spell levels left.
You didn't know any spells.

Dungeon Overview and Level Annotations

Branches:
Dungeon (13/15)            Temple (0/1) D:5            Lair (5/6) D:8
 Shoals (0/4) Lair:4       Spider (0/4) Lair:2          Orc (0/2) D:10
  Slime: Lair:5-6    Vaults: D:13-14

Altars:
Ashenzari
Dithmenos
Hepliaklqana
Qazlal
Sif Muna
Yredelemnul


Innate Abilities, Weirdness & Mutations

You have hooves in place of feet.
Armour fits poorly on your strangely shaped body.
You cover ground very quickly.
You have extremely tough skin. (AC +3)
You are mostly covered in iridescent scales. (AC +4)
Your spells are a little harder to cast, but a little more powerful.


Message History

Your shield and plate armour prevent you from hitting the fire dragon.
The fire dragon is severely wounded.
The centaur warrior hits you but does no damage.
You block the fire dragon's attack. The fire dragon claws you!
You block the fire dragon's attack.
The centaur warrior hits you but does no damage.
Unknown command.
You slash the fire dragon! You freeze the fire dragon.
The fire dragon is almost dead.
The centaur warrior hits you but does no damage.
You block the fire dragon's attack.
The fire dragon claws you but does no damage.
You block the fire dragon's attack.
Unknown command.
You hit the fire dragon but do no damage.
The fire dragon is almost dead.
You block the centaur warrior's attack. The fire dragon breathes flames at you.
The blast of flame hits you!
You die...

#.# #.#######
#.#######........
#................
########.##.###.. #.##.#
#.. #.##.# #.. #.##.#
#.. #########
##.##.###..
#.#[#@#.####...#^..=##
#.#c#D#.#...#........
#(#.#u####...####..#
#.#%#)#p#...........#
#.#c#D#.##..#.#.......
#.#.#.#.#.##..........#
#.#.#.#u#.##..#....#.#.#
.#.#.#p#.#.#.##.#..#.#.#
##########..##.#..#.#.#


You could see a fire dragon, a vault guard, a green ugly thing and a centaur
warrior.

Vanquished Creatures
  The ghost of Silim the Carver, a journeyman HuFi of Okawaru (D:12)
  A minotaur (Lab)
  Harold (D:12)
  A centaur warrior (D:13)
  3 two-headed ogres
  2 death yaks
  Urug (D:13)
  An unseen horror (D:12)
  A necromancer (Lair:4)
  2 ugly things
  An oklob plant (Lair:5)
  4 elephants
  2 merfolk sirens (Lair:4)
  2 black mambas
  A manticore (D:12)
  3 gargoyles (Lab)
  8 spiny frogs
  A torpor snail (Lair:5)
  A kobold demonologist (D:11)
  A rime drake (Lair:5)
  A komodo dragon (Lair:2)
  2 merfolk
  2 trolls
  A hornet (D:11)
  7 blink frogs
  5 dream sheep (Lair:5)
  2 hippogriffs
  4 wyverns
  2 basilisks (Lair:1)
  4 hogs (D:7)
  A human (D:7)
  A wraith (D:10)
  19 yaks
  2 hungry ghosts
  2 wargs
  5 water moccasins
  7 porcupines
  7 necrophages
  6 phantoms
  A black bear (D:3)
  An elephant zombie (Lair:5)
  4 orc warriors
  3 sky beasts
  11 ice beasts
  10 centaurs
  4 ogres
  24 wolves
  2 big kobolds (D:13)
  8 crocodiles
  2 komodo dragon zombies (Lair:5)
  14 bullfrogs
  2 scorpions
  9 wights
  2 electric eels (Lair:5)
  2 howler monkeys
  2 centaur zombies
  5 crimson imps
  Crazy Yiuf (D:6)
  4 hounds
  9 jellies
  13 orc wizards
  14 orc priests
  4 bullfrog skeletons
  3 centaur skeletons
  Natasha (twice) (D:2)
  6 iguanas
  10 worker ants
  A crocodile zombie (Lair:5)
  A hound zombie (D:7)
  2 hound skeletons
  3 worker ant zombies
  3 gnolls (D:2)
  A howler monkey skeleton (D:6)
  20 adders
  3 shadow imps
  A worker ant simulacrum (D:11)
  An ooze (D:1)
  An adder skeleton (D:7)
  2 worms (D:2)
  6 dart slugs
  4 leopard geckos
  62 orcs
  3 ball pythons
  9 giant cockroaches
  6 goblins
  9 hobgoblins
  11 jackals
  20 kobolds
  2 quokkas
  9 bats
  6 frilled lizards
  A jackal skeleton (D:5)
  3 leopard gecko skeletons
  3 quokka skeletons
  A quokka zombie (D:6)
  9 rats
  2 fungi
495 creatures vanquished.

Vanquished Creatures (others)
  A centaur warrior (D:13)
  Sonja (D:13)
  A cyclops (D:11)
  A spiny frog (Lair:4)
  The ghost of brittlin the Chopper, an amateur HOFi of Beogh (D:4)
  A basilisk (Lair:2)
  4 orc warriors
  3 centaurs (D:12)
  A big kobold (D:13)
  5 electric eels (Lair:5)
  An orc wizard (D:10)
  2 orcs (D:10)
  A kobold (D:13)
  8 fungi
  4 plants (Lair:5)
  2 starspawn tentacles (Abyss:1)
37 creatures vanquished.

Grand Total: 532 creatures vanquished

Notes
Turn   | Place    | Note
-------+----------+-------------------------------------------
     0 | Abyss:1  | Gargoyl the Centaur Abyssal Knight began the quest for the Orb.
     0 | Abyss:1  | Reached XP level 1. HP: 19/19 MP: 2/2
    51 | Abyss:1  | Noticed a large abomination
   102 | Abyss:1  | Noticed a tentacled starspawn
   118 | Abyss:1  | Noticed a large abomination
   150 | Abyss:1  | Noticed a hungry ghost
   182 | Abyss:1  | Noticed a neqoxec
   183 | D:1      | Escaped the Abyss
   200 | D:1      | Reached * piety under Lugonu
   281 | D:1      | Reached XP level 2. HP: 26/26 MP: 3/3
   574 | D:1      | Reached XP level 3. HP: 31/31 MP: 4/4
   792 | D:2      | Reached ** piety under Lugonu
  1005 | D:2      | Reached XP level 4. HP: 37/40 MP: 6/6
  1631 | D:2      | Reached *** piety under Lugonu
  1631 | D:2      | Reached XP level 5. HP: 44/46 MP: 7/7
  1747 | D:2      | Noticed Natasha
  1774 | D:2      | Killed Natasha
  2219 | D:2      | Noticed Natasha
  2225 | D:2      | Killed Natasha
  2225 | D:2      | Reached skill level 3 in Invocations
  2606 | D:3      | Noticed a black bear
  2611 | D:3      | Found a glowing drain.
  2636 | D:3      | Killed a black bear
  2636 | D:3      | Reached skill level 1 in Shields
  2636 | D:3      | Reached XP level 6. HP: 23/52 MP: 8/8
  3230 | D:3      | Found a faded altar of an unknown god.
  3364 | D:3      | Found a stormy altar of Qazlal.
  3528 | D:4      | Noticed brittlin's ghost (amateur HOFi)
  3548 | D:4      | Banished brittlin's ghost
  3548 | D:4      | Reached XP level 7. HP: 33/60 MP: 9/9
  3938 | D:4      | Found a shadowy altar of Dithmenos.
  4076 | D:4      | Reached skill level 4 in Invocations
  4327 | D:5      | Entered Level 5 of the Dungeon
  4349 | D:5      | Found a basalt altar of Yredelemnul.
  4372 | D:5      | Got an encrusted scale mail
  4383 | D:5      | Identified the +5 scale mail of Untruth {+Blink rPois Str-5 SInv} (You found it on level 5 of the Dungeon)
  4464 | D:5      | Found a shattered altar of Ashenzari.
  5159 | D:5      | Reached XP level 8. HP: 41/67 MP: 11/11
  5231 | D:5      | Found a staircase to the Ecumenical Temple.
  5620 | D:6      | Reached **** piety under Lugonu
  5793 | D:6      | Reached skill level 5 in Invocations
  5902 | D:6      | Found a deep blue altar of Sif Muna.
  5910 | D:6      | Reached skill level 5 in Axes
  6322 | D:5      | HP: 3/67 [orc warrior/halberd (4)]
  6324 | D:5      | Reached skill level 5 in Fighting
  6736 | D:6      | HP: 3/68 [bullfrog (4)]
  7126 | D:6      | Reached skill level 5 in Armour
  7232 | D:6      | Reached skill level 1 in Dodging
  7283 | D:6      | Found a runed door.
  7545 | D:6      | Noticed Crazy Yiuf
  7558 | D:6      | Killed Crazy Yiuf
  8052 | D:7      | Reached skill level 6 in Invocations
  8052 | D:7      | Reached XP level 9. HP: 59/74 MP: 13/13
  9115 | D:7      | Identified Noris Muylu's Papyrus of Earthen Transformation
  9434 | D:7      | Found a hazy altar of Hepliaklqana.
  9544 | D:7      | Gained mutation: You tend to lose your temper in combat. [potion of mutation]
  9544 | D:7      | Gained mutation: You are partially covered in iridescent scales. (AC +2) [potion of mutation]
  9544 | D:7      | Gained mutation: You are mostly covered in iridescent scales. (AC +4) [potion of mutation]
  9562 | D:7      | Reached skill level 7 in Invocations
 10552 | D:8      | Reached XP level 10. HP: 57/83 MP: 15/15
 10663 | D:8      | Found a staircase to the Lair.
 11122 | D:8      | Noticed a two-headed ogre
 11134 | D:8      | Killed a two-headed ogre
 11134 | D:8      | Reached ***** piety under Lugonu
 11995 | D:9      | Reached skill level 8 in Invocations
 12322 | Lair:1   | Entered Level 1 of the Lair of Beasts
 12322 | Lair:1   | Noticed a spiny frog
 12336 | Lair:1   | Killed a spiny frog
 12744 | Lair:1   | Reached skill level 1 in Long Blades
 12775 | Lair:1   | Noticed a spiny frog
 12970 | D:8      | Killed a spiny frog
 13505 | Lair:1   | Reached XP level 11. HP: 74/90 MP: 17/17
 14484 | Lair:2   | Found a hole to the Spider Nest.
 15562 | Lair:3   | Noticed a four-headed hydra
 15571 | Lair:3   | Banished a five-headed hydra
 15571 | Lair:3   | Reached skill level 9 in Invocations
 16693 | Lair:3   | Got a smoking leather armour
 16704 | Lair:3   | Identified the +1 leather armour "Ziuwam" {+Inv} (You found it on level 3 of the Lair of Beasts)
 16766 | Lair:3   | Reached skill level 1 in Throwing
 17608 | Lair:4   | Noticed a seven-headed hydra
 17609 | Lair:4   | Banished a seven-headed hydra
 17609 | Lair:4   | Reached skill level 5 in Shields
 17609 | Lair:4   | Reached XP level 12. HP: 100/100 MP: 19/19
 17613 | Lair:4   | Found a staircase to the Shoals.
 18401 | Lair:5   | Found a labyrinth entrance.
 18416 | Lab      | Entered a labyrinth
 18986 | Lab      | Noticed a minotaur
 18997 | Lab      | Killed a minotaur
 18997 | Lab      | Reached skill level 5 in Long Blades
 18999 | Lab      | Got a translucent ring mail
 19122 | Lab      | Identified the Almanac of Confrontation
 19135 | Lab      | Identified the +2 ring mail of Gluttony {Dex+5} (You took it off a minotaur in a labyrinth)
 20234 | Lair:5   | Noticed a death yak
 20235 | Lair:5   | Noticed a death yak
 20830 | Lair:5   | Reached skill level 10 in Invocations
 21087 | Lair:4   | Killed a death yak
 21228 | Lair:5   | Killed a death yak
 22912 | Lair:5   | Reached XP level 13. HP: 105/106 MP: 21/21
 24084 | D:10     | Entered Level 10 of the Dungeon
 24731 | D:10     | Found a staircase to the Orcish Mines.
 25460 | D:11     | Got an ichor-stained trident
 25461 | D:11     | Identified the +7 trident of Wyofipput {pierce, rElec rC+} (You found it on level 11 of the Dungeon)
 26029 | D:11     | Got a flickering marble ring
 26124 | D:11     | Reached skill level 11 in Invocations
 26599 | D:12     | Reached skill level 10 in Armour
 26791 | D:12     | Noticed Silim's ghost (journeyman HuFi)
 26800 | D:12     | Killed Silim's ghost
 27078 | D:12     | Lost mutation: You tend to lose your temper in combat. [potion of mutation]
 27078 | D:12     | Gained mutation: You are partially covered in icy blue scales. (AC +2) [potion of mutation]
 27078 | D:12     | Lost mutation: You are partially covered in icy blue scales. (AC +2) [potion of mutation]
 27078 | D:12     | Gained mutation: Your spells are a little harder to cast, but a little more powerful. [potion of mutation]
 27429 | D:12     | Noticed Harold
 27437 | D:12     | Killed Harold
 27560 | D:13     | Reached ****** piety under Lugonu
 27781 | D:13     | Noticed Sonja
 27806 | D:13     | Killed Sonja
 27867 | D:13     | Noticed Urug
 27892 | D:13     | Killed Urug
 28337 | D:13     | Identified the ring of Matylec {Wiz Str+3 Int+5 Slay-6} (You found it on level 11 of the Dungeon)
 28416 | D:13     | Noticed a fire dragon
 28441 | D:13     | Killed from afar by a fire dragon

Skill      XL: |  1  2  3  4  5  6  7  8  9 10 11 12 13 |
---------------+----------------------------------------+-----
Axes           | 2 3 4 5 6 8 |  8.4
Fighting       | 4 5 6 7 8 |  8.2
Armour         | 2 3 4 5 6 7 8 9 10 | 10.1
Invocations    | 3 4 6 7 8 9 10 11 | 11.4
Shields        | 1 2 3 5 6 7 |  7.2
Dodging        | 1 |  1.5
Long Blades    | 1 4 6 8 |  8.1
Throwing       | 1 |  1.1
Evocations     | |  0.4

Action                   |  1- 3 |  4- 6 |  7- 9 | 10-12 | 13-15 || total
-------------------------+-------+-------+-------+-------+-------++-------
Melee: Hand axe          |   106 |   183 |   599 |   237 |    50 ||  1175
       Kick              |    13 |    33 |   141 |   293 |   143 ||   623
       Demon blade       |       |       |       |   801 |   508 ||  1309
Throw: Tomahawk          |       |       |       |    15 |     8 ||    23
Invok: Depart the Abyss  |     1 |       |       |       |       ||     1
       Banish            |       |       |     5 |    10 |     1 ||    16
       Bend Space        |       |       |       |     2 |       ||     2
Evoke: Wand              |       |       |     2 |     6 |       ||     8
  Use: Scroll            |       |     8 |     7 |    11 |     4 ||    30
       Potion            |       |     3 |     4 |     5 |     2 ||    14
 Stab: Invisible         |       |       |       |     4 |       ||     4
       Held in net/web   |       |       |       |       |     1 ||     1
  Eat: Chunk             |       |     4 |    12 |    28 |     8 ||    52
       Ration            |       |     1 |     3 |     4 |     3 ||    11
Armor: Plate armour      |    84 |   125 |   309 |   534 |   246 ||  1298
       Leather armour    |     1 |       |       |       |       ||     1
       Skin              |       |       |       |     7 |       ||     7
Dodge: Dodged            |    52 |    65 |   210 |   206 |    86 ||   619
Block: Buckler           |       |    21 |    95 |     3 |       ||   119
       Large shield      |       |       |       |   994 |   593 ||  1587
       Reflection        |       |       |       |     1 |    59 ||    60
       Rpst.: Demon blade |       |       |       |    41 |    15 ||    56
